 Dungeon Crawl Stone Soup version 0.19.0-19-g8c6edcc (webtiles) character file.

1357 Millan the Chopper (level 8, -12/70 HPs)
             Began as a Minotaur Fighter on Nov 15, 2016.
             Mangled by an orc warrior
             ... wielding a +0 halberd
              (17 damage)
             ... on level 6 of the Dungeon.
             The game lasted 00:09:49 (4894 turns).

Millan the Chopper (Minotaur Fighter)               Turns: 4894, Time: 00:09:50

Health: -12/70     AC: 10    Str: 23    XL:     8   Next: 37%
Magic:  7/7        EV:  8    Int:  5    God:
Gold:   23         SH: 10    Dex: 10    Spells: 0 memorised, 7 levels left

rFire  . . .     SeeInvis .     a - +0 war axe
rCold  . . .     Gourm    .     j - +0 chain mail
rNeg   . . .     Faith    .     c - +0 shield
rPois  +         Spirit   .     (helmet restricted)
rElec  .         Reflect  .     (no cloak)
rCorr  .         Harm     .     (no gloves)
MR     .....                    (no boots)
Stlth  ..........               (no amulet)
                                m - ring of poison resistance
                                x - ring of stealth

@: no status effects
A: retaliatory headbutt, horns 2
a: no special abilities


You were on level 6 of the Dungeon.
You were very hungry.

You visited 1 branch of the dungeon, and saw 6 of its levels.

You collected 303 gold pieces.
You spent 280 gold pieces at shops.

Inventory:

Hand Weapons
 a - a +0 war axe (weapon)
Armour
 c - a +0 shield (worn)
 j - a +0 chain mail (worn)
Jewellery
 m - a ring of poison resistance (right hand)
 x - a ring of stealth (left hand)
Wands
 w - a wand of paralysis (4/24)
Scrolls
 e - 4 scrolls of recharging
 h - 5 scrolls of identify
 k - a scroll of blinking {unknown}
 l - 3 scrolls of teleportation
 t - 2 scrolls of enchant armour {unknown}
 u - 4 scrolls of remove curse
 v - a scroll of amnesia {unknown}
 y - a scroll of immolation {unknown}
Potions
 d - a potion of beneficial mutation {unknown}
 i - a potion of invisibility {unknown}
 n - a potion of degeneration {unknown}
 o - a potion of mutation {unknown}
 p - a potion of cure mutation {unknown}
 q - a potion of heal wounds
 r - a potion of curing {unknown}
 s - a potion of brilliance {unknown}
 z - a potion of ambrosia {unknown}
 C - a potion of lignification {unknown}
Comestibles
 b - 4 beef jerkies
 f - 2 bread rations
 g - 2 fruits
 A - a meat ration
 B - a royal jelly


   Skills:
 + Level 6.0 Fighting
 * Level 7.4 Axes
 + Level 6.2 Armour
 + Level 3.6 Dodging
 * Level 6.8 Shields


You had 7 spell levels left.
You didn't know any spells.

Dungeon Overview and Level Annotations

Branches:
Dungeon (6/15)
 Temple: D:4-7

Altars:

Shops:
D:4 *


Innate Abilities, Weirdness & Mutations

You reflexively headbutt those who attack you in melee.
You have a pair of horns on your head.


Message History

You hit the orc warrior but do no damage.
The orc warrior is heavily wounded.
You hear the brisk rusting of a very distant drain.
The orc warrior barely misses you.
You barely miss the orc warrior. Your headbutt misses the orc warrior.
The orc warrior is heavily wounded.
The orc warrior closely misses you.
You hit the orc warrior but do no damage.
The orc warrior is heavily wounded.
The orc warrior hits you but does no damage.
You hit the orc warrior.
The orc warrior is severely wounded.
The orc warrior hits you but does no damage.
You hit the orc warrior but do no damage.
The orc warrior is severely wounded.
You block the orc warrior's attack.
You closely miss the orc warrior.
The orc warrior is severely wounded.
The orc warrior hits you with a halberd!
You die...

######. ......?
....... #..# .......
#..# ....... #..#
.......##..#
#.....#..# #
#...)..####.#
.###.#@##.#..#.#
........o...>...#
############..#######
.%..........)<#
###############


You could see an orc warrior.

Vanquished Creatures
  Pikel (D:4)
  A water moccasin (D:4)
  A slave (D:4)
  A phantom (D:4)
  A centaur (D:6)
  The ghost of Xight the Firebug, an amateur DEFE (D:3)
  A scorpion (D:5)
  A hound (D:4)
  An orc wizard (D:5)
  An orc priest (D:6)
  Terence (D:2)
  An iguana (D:5)
  2 worker ants
  Natasha (thrice) (D:3)
  2 hound skeletons (D:4)
  Robin (D:3)
  5 adders
  3 worms
  A dart slug (D:1)
  A leopard gecko (D:2)
  2 orcs (D:6)
  4 ball pythons
  7 bats
  8 giant cockroaches
  16 goblins
  8 hobgoblins
  8 jackals
  4 frilled lizards
  3 kobolds
  4 rats
  2 fungi (D:1)
96 creatures vanquished.

Vanquished Creatures (others)
  Edmund (D:4)
  A slave (D:4)
2 creatures vanquished.

Grand Total: 98 creatures vanquished

Notes
Turn   | Place    | Note
-------+----------+-------------------------------------------
     0 | D:1      | Millan the Minotaur Fighter began the quest for the Orb.
     0 | D:1      | Reached XP level 1. HP: 19/19 MP: 0/0
   272 | D:1      | Reached XP level 2. HP: 25/27 MP: 1/1
  1265 | D:2      | Noticed Terence
  1269 | D:2      | Killed Terence
  1269 | D:2      | Reached skill level 3 in Axes
  1269 | D:2      | Reached XP level 3. HP: 26/33 MP: 2/2
  1664 | D:2      | Reached XP level 4. HP: 39/41 MP: 3/3
  2054 | D:3      | Noticed Robin
  2064 | D:3      | Noticed Natasha
  2076 | D:3      | Killed Natasha
  2076 | D:3      | Reached skill level 4 in Axes
  2104 | D:3      | Noticed Natasha
  2113 | D:3      | Killed Natasha
  2207 | D:3      | Reached XP level 5. HP: 34/47 MP: 4/4
  2425 | D:3      | Noticed Xight's ghost (amateur DEFE)
  2433 | D:3      | Killed Xight's ghost
  2433 | D:3      | Reached skill level 1 in Dodging
  2554 | D:3      | Reached skill level 5 in Axes
  2566 | D:3      | Killed Robin
  2566 | D:3      | Reached skill level 5 in Armour
  2909 | D:3      | Noticed Natasha
  2917 | D:3      | Killed Natasha
  2917 | D:3      | Reached XP level 6. HP: 39/53 MP: 5/5
  3137 | D:4      | Noticed a slave
  3137 | D:4      | Noticed Edmund
  3138 | D:4      | Noticed a slave
  3138 | D:4      | Noticed Pikel
  3138 | D:4      | Noticed a slave
  3139 | D:4      | Noticed a slave
  3149 | D:4      | Killed a slave
  3171 | D:4      | Killed Pikel
  3171 | D:4      | Reached skill level 5 in Fighting
  3171 | D:4      | Reached skill level 6 in Axes
  3171 | D:4      | Reached skill level 5 in Shields
  3171 | D:4      | Reached XP level 7. HP: 13/61 MP: 6/6
  3183 | D:4      | Killed Edmund
  3432 | D:4      | Found Gamuej's Serpentskin Sales.
  3459 | D:4      | Reached XP level 8. HP: 10/69 MP: 7/7
  4263 | D:4      | Bought an uncursed ring of poison resistance for 280 gold pieces
  4313 | D:5      | Entered Level 5 of the Dungeon
  4463 | D:5      | Reached skill level 7 in Axes
  4887 | D:6      | HP: 3/70 [orc warrior/halberd (10)]
  4894 | D:6      | Mangled by an orc warrior

Skill      XL: |  1  2  3  4  5  6  7  8 |
---------------+-------------------------+-----
Fighting       | 4 5 6 |  6.0
Armour         | 4 5 6 |  6.2
Axes           | 3 4 5 6 7 |  7.4
Shields        | 4 5 6 |  6.8
Dodging        | 1 2 3 |  3.6

Action                   |  1- 3 |  4- 6 |  7- 9 || total
-------------------------+-------+-------+-------++-------
Melee: War axe           |   105 |   121 |    85 ||   311
       Headbutt          |    13 |    21 |    17 ||    51
       Whip              |       |     5 |       ||     5
  Use: Scroll            |       |     3 |       ||     3
       Potion            |       |     1 |     3 ||     4
  Eat: Chunk             |     2 |     5 |     4 ||    11
       Fruit             |       |       |     1 ||     1
Armor: Scale mail        |    25 |       |       ||    25
       Chain mail        |    30 |    66 |    41 ||   137
Dodge: Dodged            |    22 |    29 |    32 ||    83
Block: Shield            |    41 |    73 |    59 ||   173
